 Dungeon Crawl Stone Soup version 0.32-a0-799-g95e1662365 (webtiles) character file.

Game seed: 5090615108332996968

74 pokeman the Magician (level 4, 0/25 HPs)
             Began as a Deep Elf Hedge Wizard on Mar 21, 2024.
             Was a Follower of Vehumet.
             Slain by an orc
             ... wielding a +0 club
              (4 damage)
             ... on level 3 of the Dungeon.
             The game lasted 00:05:04 (1962 turns).

pokeman the Magician (Deep Elf Hedge Wizard)        Turns: 1962, Time: 00:05:05

Health: 0/25       AC:  2    Str:  7    XL:     4   Next: 10%
Magic:  2/13       EV: 11    Int: 21    God:    Vehumet [*.....]
Gold:   116        SH:  0    Dex: 14    Spells: 6/14 levels left

rFire   . . .        h - +2 sling (drain)
rCold   . . .        (no shield)
rNeg    . . .        b - +0 robe
rPois   .            c - +0 hat
rElec   .            (no cloak)
rCorr   .            (no gloves)
SInv    .            (no boots)
Will    .....        (no amulet)
Stlth   ++           (no ring)
HPRegen 0.24/turn    (no ring)
MPRegen 0.13/turn

%: no passive effects
@: very slightly contaminated
A: no striking features
a: Renounce Religion


You were on level 3 of the Dungeon.
You worshipped Vehumet.
Vehumet was aware of your devotion.
You visited 1 branch of the dungeon, and saw 3 of its levels.

You collected 116 gold pieces.

Inventory:

Hand Weapons
 h - a +2 sling of draining (weapon)
Armour
 b - a +0 robe (worn)
 c - a +0 hat (worn)
Scrolls
 a - a scroll of silence {unknown}
 f - 2 scrolls of vulnerability {unknown}
 i - 2 scrolls of acquirement {unknown}
 k - a scroll of poison {unknown}
 m - a scroll of blinking {unknown}
 o - a scroll of revelation {unknown}
Potions
 d - a potion of magic
 e - a potion of curing {unknown}
 g - a potion of haste {unknown}
 j - a potion of ambrosia {unknown}
 l - a potion of degeneration {unknown}
 n - a potion of lignification {unknown}
 p - a potion of cancellation {unknown}


   Skills:
 - Level 1.0 Fighting
 + Level 1.1 Armour
 + Level 2.6 Dodging
 - Level 2.4 Stealth
 * Level 5.5 Spellcasting
 + Level 2.1 Conjurations
 - Level 1.1 Summonings
 - Level 1.1 Translocations


You had 6 spell levels left.
You knew the following spells:

 Your Spells              Type           Power      Damage    Failure   Level
a - Magic Dart            Conj           56%        1d5       4%          1
b - Mephitic Cloud        Conj/Alch/Air  8%         N/A       22%         3
c - Call Imp              Summ           20%        N/A       10%         2
d - Blink                 Tloc           20%        N/A       10%         2

Your spell library contained the following spells:

 Spells                   Type           Power      Damage    Failure   Level
 Kiss of Death            Conj/Necr      40%        2d8       7%          1
 Slow                     Hex            20%        N/A       11%         1
 Cigotuvi's Dreadful Rot  Necr/Alch/Air  10%        N/A       16%         2


Dungeon Overview and Level Annotations

Branches:
Dungeon (3/15)

Altars:
Vehumet


Message History

The adder misses you.
Unknown command.
Casting: Magic Dart (safe; 4% risk of failure)
Confirm with . or Enter, or press ? or * to list all spells.
Aiming: Magic Dart (safe; 4% risk of failure)
Press: ? - help, Shift-Dir - straight line, f/p - adder
Aim: an adder (moderately wounded, 100% to hit)
The magic dart hits the adder.
The adder is heavily wounded.
The adder barely misses you.
Unknown command.
Casting: Magic Dart (safe; 4% risk of failure)
Confirm with . or Enter, or press ? or * to list all spells.
Aiming: Magic Dart (safe; 4% risk of failure)
Press: ? - help, Shift-Dir - straight line, f/p - adder
Aim: an adder (heavily wounded, 100% to hit)
The magic dart hits the adder but does no damage.
The adder is heavily wounded.
The adder bites you but does no damage. The adder bites you.
Unknown command.
Casting: Magic Dart (safe; 4% risk of failure)
Confirm with . or Enter, or press ? or * to list all spells.
Aiming: Magic Dart (safe; 4% risk of failure)
Press: ? - help, Shift-Dir - straight line, f/p - adder
Aim: an adder (heavily wounded, 100% to hit)
The magic dart hits the adder.
The adder is severely wounded.
The adder bites you.
Unknown command.
Casting: Magic Dart (safe; 4% risk of failure)
Confirm with . or Enter, or press ? or * to list all spells.
Aiming: Magic Dart (safe; 4% risk of failure)
Press: ? - help, Shift-Dir - straight line, f/p - adder
Aim: an adder (severely wounded, 100% to hit)
The magic dart hits the adder.
The adder is almost dead.
The adder bites you.
* * * LOW HITPOINT WARNING * * *
The orc hits you with a +0 club.
You die...

#......# #......#
##..####......# #
#.....##...†..# #
#(##.....##......#
(..#.#.......#......# ##
.. ........#.#......##...
... .......#....@o.....#
.#.###.##......oS°..##.#
........#..........#...#
.......................#
..........#..##.)..))..#
......<.#...............#
..###....#.#...........).
#...#...#.............
.......................


You could see an adder and 2 orcs.

Vanquished Creatures
  3 adders (D:2)
  A ribbon worm (D:2)
  2 orcs (D:3)
  4 bats
  2 endoplasms
  2 giant cockroaches
  9 goblins
  2 hobgoblins
  2 jackals (D:2)
  A quokka (D:2)
  2 ball pythons
  2 frilled lizards
  8 kobolds
  2 rats
42 creatures vanquished.

Notes
Turn   | Place    | Note
-------+----------+-------------------------------------------
     0 | D:1      | pokeman the Deep Elf Hedge Wizard began the quest for the
                  | Orb.
     0 | D:1      | Reached XP level 1. HP: 10/10 MP: 7/7
   449 | D:1      | Reached XP level 2. HP: 16/16 MP: 9/9
  1031 | D:2      | Found a radiant altar of Vehumet.
  1038 | D:2      | Became a worshipper of Vehumet
  1059 | D:2      | You fall into a shaft and drop 1 floor!
  1065 | D:3      | Reached skill level 5 in Spellcasting
  1096 | D:2      | Reached XP level 3. HP: 14/20 MP: 5/11
  1100 | D:2      | Learned a level 3 spell: Mephitic Cloud
  1103 | D:2      | Learned a level 2 spell: Call Imp
  1106 | D:2      | Learned a level 2 spell: Blink
  1360 | D:2      | Reached skill level 1 in Fighting
  1697 | D:2      | Reached skill level 1 in Armour
  1906 | D:3      | Reached XP level 4. HP: 25/25 MP: 9/13
  1955 | D:3      | Reached * piety under Vehumet
  1955 | D:3      | Offered knowledge of Kiss of Death by Vehumet.
  1962 | D:3      | Slain by an orc

Illustrated notes

Levels and vault maps discovered:
D:1:      kilobyte_arrival_exit_the_forest, layout_loops_ring
D:2:      layout_basic, basic_altar
D:3:      layout_rooms, cheibriados_altar_1, makhleb_altar_promises_db,
          gammafunk_ghost_nasty_kobolds, minmay_misc_feat_iff

Skill      XL: |  1  2  3 |
---------------+----------+-----
Spellcasting   | 5 |  5.5
Fighting       | 1 |  1.0
Conjurations   | 2 |  2.1
Armour         | 1 |  1.1
Dodging        | |  2.6
Stealth        | |  2.4
Summonings     | |  1.1
Translocations | |  1.1

Action                     |  1- 3 |  4- 6 || total
---------------------------+-------+-------++-------
   Fire: Sling             |    36 |    10 ||    46
   Cast: Magic Dart        |    38 |    11 ||    49
         Mephitic Cloud    |     1 |     1 ||     2
 Armour: Robe              |     4 |    12 ||    16
  Dodge: Dodged            |     6 |     9 ||    15

Table legend: (Time is in decaauts)
 A = Elapsed time spent in this place.
 B = Non-inter-level travel time spent in this place.
 C = Inter-level travel time spent in this place.
 D = Time resting spent in this place.
 E = Time spent auto-exploring this place.
 F = Levels seen in this place.
 G = Mean time per level.
                   A        B        C        D        E       F      G
               +--------+--------+--------+--------+--------+-----+--------+
         Total |   1983 |   1931 |     52 |      0 |   1685 |   3 |  661.0 |
       Dungeon |   1983 |   1931 |     52 |      0 |   1685 |   3 |  661.0 |
               +--------+--------+--------+--------+--------+-----+--------+

Top non-repeatable levels by time:
     D:1: 991 daAuts
     D:2: 903 daAuts
     D:3: 87 daAuts
